 Dungeon Crawl Stone Soup version 0.28.0-45-g0d030f2227 (webtiles) character file.

Game seed: 1301067163413208244

51 NinjaNoafa the Grave Robber (level 3, 0/28 HPs)
             Began as a Gnoll Wanderer on Apr 2, 2022.
             Was a Believer of Lugonu.
             Slain by a rat (3 damage)
             ... on level 2 of the Dungeon.
             The game lasted 00:07:52 (1780 turns).

NinjaNoafa the Grave Robber (Gnoll Wanderer)        Turns: 1780, Time: 00:07:54

Health: 0/28       AC:  3    Str: 21    XL:     3   Next: 83%
Magic:  8/9        EV: 11    Int: 11    God:    Lugonu [**....]
Gold:   59         SH:  0    Dex:  7    Spells: 10/12 levels left

rFire   . . .      SeeInvis .   k - +4 whip (vamp)
rCold   . . .      Faith    .   (no shield)
rNeg    . . .      Spirit   .   o - +0 robe
rPois   .          Reflect  .   n - +0 helmet
rElec   .          Harm     .   (no cloak)
rCorr   .          Rampage  .   (no gloves)
Will    .....                   (no boots)
Stlth   +.........              (no amulet)
HPRegen 0.09/turn               j - +6 ring of strength
MPRegen 0.11/turn               (no ring)

@: about to teleport
A: fangs 1, strong nose, distributed training, clumsy 1
a: Renounce Religion, Depart the Abyss, Bend Space


You were on level 2 of the Dungeon.
You worshipped Lugonu.
Lugonu was pleased with you.
You visited 1 branch of the dungeon, and saw 2 of its levels.

You collected 59 gold pieces.

Inventory:

Hand Weapons
 a - a +0 club
 d - a +0 hunting sling
 f - a +0 dagger
 k - a +4 vampiric whip (weapon)
 l - a +0 hand axe
 t - a +0 whip
Missiles
 h - 88 stones (quivered)
 r - 5 sling bullets
Armour
 b - a +0 scale mail
 n - a +0 helmet (worn)
 o - a +0 robe (worn)
Jewellery
 j - a +6 ring of strength (left hand)
Scrolls
 i - 4 scrolls of identify {unknown}
 m - a scroll of silence {unknown}
 p - a scroll of amnesia {unknown}
Potions
 q - a potion of resistance {unknown}
 s - a potion of curing {unknown}
 u - a potion of degeneration {unknown}


   Skills:
 + Level 2.6 Fighting
 + Level 1.0 Short Blades
 + Level 1.0 Long Blades
 + Level 1.0 Axes
 + Level 1.0 Maces & Flails
 + Level 1.0 Polearms
 + Level 1.0 Staves
 + Level 1.0 Slings
 + Level 1.0 Bows
 + Level 1.0 Crossbows
 + Level 2.6 Throwing
 + Level 4.6 Armour
 + Level 1.0 Dodging
 + Level 1.0 Stealth
 + Level 1.0 Shields
 + Level 1.0 Unarmed Combat
 + Level 5.0 Spellcasting
 + Level 0.7 Conjurations
 + Level 0.7 Hexes
 + Level 0.7 Summonings
 + Level 5.4 Necromancy
 + Level 0.7 Translocations
 + Level 0.7 Transmutations
 + Level 0.7 Fire Magic
 + Level 0.7 Ice Magic
 + Level 0.7 Air Magic
 + Level 0.7 Earth Magic
 + Level 0.7 Poison Magic
 + Level 2.7 Invocations
 + Level 1.0 Evocations


You had 10 spell levels left.
You knew the following spells:

 Your Spells              Type           Power      Damage    Failure   Level
a - Pain                  Necr           56%        1d6       2%          1
b - Animate Skeleton      Necr           28%        N/A       2%          1

Your spell library contained the following spells:

 Spells                   Type           Power      Damage    Failure   Level
 Vampiric Draining        Necr           14%        2d7       7%          3


Dungeon Overview and Level Annotations

Branches:
Dungeon (2/15)

Altars:
Lugonu

Annotations:
D:2 Terence


Innate Abilities, Weirdness & Mutations

You have very sharp teeth.
Your uncanny sense of smell can sniff out nearby items.
Your experience applies equally to all skills.
You are clumsy. (Dex -2)


Message History

You see here a rat corpse.
Your kobold skeleton crumbles into dust!
A rat comes into view.
Terence shouts!
The rat moves out of view.
Terence looks scornfully at you. Terence hits you with a +0 mace.
Casting: Animate Skeleton (safe; 2% risk of failure)
Confirm with . or Enter, or press ? or * to list all spells.
There is nothing nearby to animate!
Casting: Animate Skeleton (safe; 2% risk of failure)
Confirm with . or Enter, or press ? or * to list all spells.
Aiming: Pain (safe; 2% risk of failure)
Press: ? - help, Shift-Dir - straight line, f - Terence
Aim: Terence, wielding a +0 mace and wearing a +0 scale mail (chance to affect: 78%) Terence writhes in agony.
Terence hits you with a +0 mace.
You hit Terence but do no damage. You bite Terence, but do no damage.
Terence is moderately wounded.
Terence misses you.
You barely miss Terence.
Terence is moderately wounded.
Terence hits you with a +0 mace!
You barely miss Terence. Your punch misses Terence.
Terence is moderately wounded.
Terence closely misses you.
As you read the scroll labelled DIFAOWN QACIME, it crumbles to dust.
It is a scroll of enchant weapon.
Your +3 vampiric whip glows red for a moment.
Terence hits you with a +0 mace.
* * * LOW HITPOINT WARNING * * *
Okay, then.
As you read the scroll of teleportation, it crumbles to dust.
You feel strangely unstable. Terence hits you with a +0 mace.
* * * LOW HITPOINT WARNING * * *
It was a potion of mutation.
You feel extremely strange.
You feel clumsy. Terence hits you with a +0 mace.
* * * LOW HITPOINT WARNING * * *
The rat bites you.
You die...

... #........ ....
#.......#
....###.......##
...............##.
#....................
.. ....?...............
#.##.......r@....#.#...
............@..........
....................#..
............###.#......
.#.......######†..####
.........# #.....#
##.#....#####.###.#
#............# .#
##..........### ..
#..........<# #.


You could see Terence and a rat.

Vanquished Creatures
  A worm (D:2)
  A dart slug (D:2)
  2 endoplasms (D:1)
  A giant cockroach (D:1)
  4 goblins
  4 hobgoblins
  7 jackals (D:1)
  A quokka (D:1)
  3 ball pythons
  7 bats
  A frilled lizard (D:1)
  5 kobolds
  4 rats
41 creatures vanquished.

Notes
Turn   | Place    | Note
-------+----------+-------------------------------------------
     0 | D:1      | NinjaNoafa the Gnoll Wanderer began the quest for the Orb.
     0 | D:1      | NinjaNoafa set off with the following items: a +0 club, a
                  | +0 scale mail, a scroll of teleportation; and the following
                  | spells available to memorise: Animate Skeleton, Pain,
                  | Vampiric Draining
     0 | D:1      | Reached XP level 1. HP: 17/17 MP: 6/6
   365 | D:1      | Found a faded altar of an unknown god.
   370 | D:1      | Reached XP level 2. HP: 22/23 MP: 7/7
   382 | D:1      | Prayed at the altar of an unknown god.
   382 | D:1      | Became a worshipper of Lugonu the Unformed
   382 | D:1      | Reached * piety under Lugonu
   382 | D:1      | Reached ** piety under Lugonu
   722 | D:1      | Reached XP level 3. HP: 19/28 MP: 9/9
   727 | D:1      | Reached skill level 5 in Spellcasting
   909 | D:1      | Learned a level 1 spell: Pain
   911 | D:1      | Learned a level 1 spell: Animate Skeleton
  1746 | D:2      | Reached skill level 1 in Short Blades
  1746 | D:2      | Reached skill level 1 in Long Blades
  1746 | D:2      | Reached skill level 1 in Axes
  1746 | D:2      | Reached skill level 1 in Maces & Flails
  1746 | D:2      | Reached skill level 1 in Polearms
  1746 | D:2      | Reached skill level 1 in Staves
  1746 | D:2      | Reached skill level 1 in Slings
  1746 | D:2      | Reached skill level 1 in Bows
  1746 | D:2      | Reached skill level 1 in Crossbows
  1746 | D:2      | Reached skill level 1 in Dodging
  1746 | D:2      | Reached skill level 1 in Stealth
  1746 | D:2      | Reached skill level 1 in Shields
  1746 | D:2      | Reached skill level 1 in Unarmed Combat
  1746 | D:2      | Reached skill level 1 in Evocations
  1767 | D:2      | Noticed Terence
  1780 | D:2      | Gained mutation: You are clumsy. (Dex -2) [potion of
                  | mutation]
  1780 | D:2      | Slain by a rat

Illustrated notes

Levels and vault maps discovered:
D:1:      dpeg_arrival_subterranean_lakeside_camping, layout_rooms,
          hellmonk_ecumenical_altar_zigzags, hangedman_decor_diamond_cutter
D:2:      layout_rooms, basic_altar, uniq_terence

Skill      XL: |  1  2  3 |
---------------+----------+-----
Spellcasting   | 5 |  5.0
Short Blades   | 1 |  1.0
Long Blades    | 1 |  1.0
Axes           | 1 |  1.0
Maces & Flails | 1 |  1.0
Polearms       | 1 |  1.0
Staves         | 1 |  1.0
Slings         | 1 |  1.0
Bows           | 1 |  1.0
Crossbows      | 1 |  1.0
Dodging        | 1 |  1.0
Stealth        | 1 |  1.0
Shields        | 1 |  1.0
Unarmed Combat | 1 |  1.0
Evocations     | 1 |  1.0
Fighting       | |  2.6
Throwing       | |  2.6
Armour         | |  4.6
Conjurations   | |  0.7
Hexes          | |  0.7
Summonings     | |  0.7
Necromancy     | |  5.4
Translocations | |  0.7
Transmutations | |  0.7
Fire Magic     | |  0.7
Ice Magic      | |  0.7
Air Magic      | |  0.7
Earth Magic    | |  0.7
Poison Magic   | |  0.7
Invocations    | |  2.7

Action                   || total
-------------------------++-------
Melee: Dagger            ||    65
       Club              ||     3
       Punch             ||     2
       Whip              ||    73
       Bite              ||    11
 Fire: Hunting sling     ||    22
Throw: Stone             ||     1
 Cast: Animate Skeleton  ||     3
       Pain              ||     1
  Use: Scroll            ||     3
       Potion            ||     1
 Stab: Sleeping          ||     1
Armor: Scale mail        ||   113
       Robe              ||    24
Dodge: Dodged            ||   142
